Map: [ESL] Tropical Sacrifice

Players

Rex - Winner!

  • Race: Zerg Zerg
  • Spawn Location: 1:00

Lemon

  • Race: Terran Terran
  • Spawn Location: 7:00

Event: DreamHack SC2 Masters 2022 Atlanta (Online)

VOD

Have the link to the VOD?

Description

Time

  • Played on: Sept. 29, 2022, 9:19 a.m.
  • Length: 9:06

All games in this series

Show
View Real Time Build Order
Export as new Build Order

Rex Zerg - Winner!

Build Orders: Hatch First 

Get SALT Encoding   

  12  0:00  Drone  
  13  0:13  Overlord  
  13  0:18  Drone  
  14  0:31  Drone x2  
  16  0:51  Hatchery  
  16  0:54  Drone  
  16  0:58  Drone  
  16  1:02  Drone  
  18  1:12  Extractor  
  17  1:19  Spawning Pool  
  17  1:23  Drone  
  17  1:25  Drone  
  17  1:30  Drone  
  19  1:40  Drone  
  20  1:50  Drone  
  21  2:05  Queen x2  
  21  2:06  Zergling x4  
  27  2:14  Overlord  
  27  2:15  Drone  
  27  2:35  Drone x2, Hatchery  
  28  2:37  Drone  
  29  2:44  Queen  
  29  2:47  Drone  
  32  2:52  Metabolic Boost  
  32  2:57  Overlord  
  32  2:59  Drone  
  32  3:01  Drone  
  32  3:04  Drone  
  35  3:08  Overlord  
  35  3:16  Queen  
  37  3:21  Drone  
  37  3:22  Drone x2  
  40  3:27  Queen  
  40  3:28  Drone  
  40  3:31  Drone  
  44  3:34  Drone  
  44  3:35  Drone  
  44  3:39  Overlord  
  46  3:46  Queen  
  46  3:47  Overlord  
  48  3:49  Drone  
  48  3:51  Drone  
  48  3:52  Drone  
  51  3:57  Queen  
  51  4:00  Drone  
  54  4:07  Queen  
  54  4:09  Drone x3  
  59  4:13  Zergling x4  
  59  4:14  Zergling x2  
  62  4:18  Drone x2  
  62  4:23  Drone  
  65  4:26  Drone x3  
  65  4:31  Drone x2  
  69  4:37  Lair  
  69  4:38  Queen  
  69  4:40  Zergling x4  
  73  4:48  Baneling Nest, Drone x2, Extractor  
  73  4:49  Overlord  
  73  4:51  Spore Crawler  
  73  4:52  Spore Crawler  
  71  4:53  Spore Crawler  
  71  4:55  Overlord  
  70  5:03  Drone x3  
  70  5:04  Overlord  
  73  5:08  Drone x4  
  73  5:13  Drone x4  
  81  5:15  Drone  
  81  5:19  Drone x3  
  85  5:23  Drone  
  85  5:26  Drone, Extractor x2  
  85  5:27  Extractor  
  85  5:28  Extractor  
  82  5:29  Drone  
  82  5:35  Overseer  
  83  5:36  Baneling x4  
  83  5:37  Baneling x2  
  83  5:38  Drone x5  
  83  5:40  Drone  
  89  5:43  Baneling x3  
  89  5:48  Queen x2  
  93  5:55  Zergling x2, Drone  
  93  5:56  Zergling x10  
  95  6:02  Drone x3  
  95  6:06  Spire  
  95  6:07  Drone  
  95  6:10  Overseer  
  95  6:12  Hatchery  
  95  6:13  Drone x2  
  95  6:15  Overlord  
  95  6:17  Overlord  
  96  6:20  Overlord  
  96  6:22  Drone x2  
  98  6:32  Centrifugal Hooks  
  94  6:48  Hatchery  
  93  6:55  Drone x4, Hatchery  
  93  6:58  Zergling x22  
  107  7:08  Overlord  
  107  7:12  Drone  
  107  7:13  Drone x2  
  110  7:21  Mutalisk x6  
  122  7:24  Baneling  
  122  7:25  Baneling x3  
  122  7:27  Overlord x3  
  122  7:32  Evolution Chamber  
  122  7:34  Evolution Chamber  
  119  7:41  Mutalisk x5  
  119  7:43  Zergling x2  
  127  7:47  Zergling x6, Drone  
  124  7:55  Zergling x2  
  124  7:57  Drone x3  
  126  7:59  Extractor  
  126  8:00  Zergling x4, Drone  
  126  8:04  Zergling x4  
  130  8:09  Zergling x14, Baneling, Hatchery  
  130  8:10  Zergling x2, Baneling  
  137  8:13  Zergling x6  
  137  8:15  Baneling x4  
  137  8:16  Zergling x2  
  137  8:18  Baneling x4  
  141  8:22  Zergling x8  
  141  8:26  Baneling x2  
  145  8:31  Baneling x11  
  145  8:36  Zergling x18  
  145  8:40  Baneling  
  145  8:41  Baneling x5  
  150  8:42  Baneling  
Show
View Real Time Build Order
Export as new Build Order

Lemon Terran 

Build Orders: Reaper Expand, Hellion Banshee 

Get SALT Encoding   

  12  0:00  SCV  
  13  0:12  SCV  
  14  0:17  Supply Depot  
  14  0:24  SCV  
  15  0:39  SCV  
  15  0:40  Barracks  
  16  0:44  Refinery  
  16  0:51  SCV  
  17  1:03  SCV  
  18  1:15  SCV  
  19  1:27  Reaper, Orbital Command  
  20  1:41  Command Center  
  20  1:49  Supply Depot  
  20  1:53  SCV  
  21  1:58  Marine  
  22  2:05  SCV  
  23  2:12  Factory  
  23  2:17  SCV  
  23  2:21  Barracks Reactor  
  24  2:29  SCV  
  25  2:42  Command Center  
  25  2:43  SCV  
  26  2:54  Orbital Command  
  26  2:55  SCV  
  27  3:02  Starport  
  27  3:07  Refinery  
  27  3:09  SCV  
  28  3:18  Hellion x2  
  32  3:26  SCV  
  33  3:29  SCV  
  33  3:30  Barracks Tech Lab  
  34  3:38  SCV  
  34  3:39  Hellion x2  
  34  3:41  SCV  
  40  3:50  SCV  
  40  3:52  Banshee  
  40  3:53  SCV, Orbital Command  
  45  4:02  Hellion, SCV  
  48  4:03  Hellion  
  48  4:06  Cloaking Field  
  48  4:08  SCV  
  51  4:14  SCV  
  51  4:15  Supply Depot  
  52  4:20  Orbital Command  
  52  4:21  SCV  
  52  4:23  Hellion  
  56  4:26  Hellion  
  57  4:31  SCV  
  57  4:33  SCV  
  57  4:37  Banshee  
  62  4:39  Supply Depot  
  62  4:42  Supply Depot  
  62  4:44  SCV, Hellion  
  65  4:45  SCV  
  65  4:47  Hellion  
  65  4:48  SCV  
  65  4:50  Armory, Barracks Tech Lab  
  69  5:01  SCV x3  
  69  5:05  Supply Depot x2  
  69  5:06  Hellion  
  74  5:09  Hellion  
  74  5:11  Stimpack, Marine  
  74  5:13  SCV x2  
  79  5:15  SCV  
  80  5:25  SCV x2, Refinery  
  80  5:27  SCV  
  80  5:28  Barracks  
  83  5:30  Barracks  
  83  5:32  Hellion x2  
  87  5:44  Marine  
  87  5:53  Starport Reactor  
  81  6:00  Hellion x2  
  81  6:02  SCV x3  
  69  6:05  Supply Depot  
  69  6:06  Engineering Bay  
  69  6:07  Engineering Bay  
  69  6:10  Marine  
  68  6:12  Refinery  
  68  6:14  SCV  
  69  6:19  Barracks Reactor x2, Barracks  
  69  6:21  Barracks  
  69  6:22  SCV x2  
  71  6:26  Supply Depot, SCV  
  71  6:27  Supply Depot x2  
  71  6:30  Marine  
  71  6:31  Medivac  
  71  6:32  Medivac  
  77  6:33  Hellion x2  
  77  6:36  Terran Infantry Weapons Level 1  
  77  6:38  SCV  
  79  6:44  SCV  
  79  6:45  SCV  
  81  6:48  Marine  
  81  6:50  SCV  
  81  6:53  Combat Shield  
  83  6:56  SCV  
  83  6:57  SCV  
  83  7:00  Barracks x3  
  85  7:02  SCV  
  85  7:03  Marine x3  
  85  7:04  Widow Mine x2  
  85  7:06  Marine  
  85  7:07  Medivac  
  85  7:08  Marine  
  96  7:09  Medivac  
  96  7:12  Marine  
  96  7:14  SCV x3  
  103  7:20  Marine x2  
  103  7:21  Marine  
  103  7:22  Hellion x6  
  106  7:26  Armory, Marine x2  
  106  7:29  Marine  
  109  7:30  Marine  
  109  7:31  Widow Mine x2  
  113  7:38  Marine  
  113  7:41  Marine  
  113  7:43  Marine  
  105  7:51  Barracks Tech Lab  
  105  7:52  Barracks Tech Lab  
  105  7:53  Barracks Tech Lab  
  105  7:54  Marine x2  
  106  7:58  Command Center  
  106  7:59  Refinery  
  106  8:01  Marine x4  
  106  8:02  Widow Mine  
  106  8:03  Widow Mine  
  112  8:08  Supply Depot, Marine  
  112  8:11  Concussive Shells  
  112  8:12  SCV x2, Marine  
  116  8:14  SCV  
  117  8:24  SCV, Missile Turret, Marine  
  117  8:25  Missile Turret  
  116  8:29  Marine x4  
  115  8:40  Marine x3  
  115  8:41  Marine  
  101  8:48  SCV  
Tags
 
Add a new tag
Caveats
  • Supply blocks, unpowered buildings, or Contaminate may cause inaccurate times.
  • Supply counts are checked every 10 seconds.